 Dungeon Crawl Stone Soup version 0.31-a0-1010-g5322dac6a2 (webtiles) character file.

Game seed: 3025570065755444091

68 protoss039 the Digger (level 4, 33/33 HPs)
             Began as a Demonspawn Earth Elementalist on Nov 16, 2023.
             Got out of the dungeon alive.
             The game lasted 00:02:16 (1348 turns).

protoss039 the Digger (DsEE)                        Turns: 1348, Time: 00:02:16

Health: 33/33      AC:  5    Str:  8    XL:     4   Next: 1%
Magic:  8/8        EV: 16    Int: 18    God:
Gold:   54         SH:  4    Dex: 14    Spells: 7/8 levels left

rFire   . . .        j - +0 dagger
rCold   . . .        (no shield)
rNeg    . . .        n - +0 leather armour
rPois   .            (no helmet)
rElec   .            (no cloak)
rCorr   .            (no gloves)
SInv    .            (no boots)
Will    .....        (no amulet)
Stlth   ++           c - +5 ring of evasion
HPRegen 0.25/turn    (no ring)
MPRegen 0.11/turn

%: no passive effects
@: no status effects
A: hooves 1, icy blue scales 1, condensation shield
a: no special abilities


You escaped.
You visited 1 branch of the dungeon, and saw 2 of its levels.

You collected 54 gold pieces.

Inventory:

Hand Weapons
 j - a +0 dagger (weapon)
Armour
 a - a +0 robe
 n - a +0 leather armour (worn)
Magical Staves
 f - a staff of death
Jewellery
 c - a +5 ring of evasion (left hand)
Scrolls
 d - a scroll of brand weapon {unknown}
 g - a scroll of identify {unknown}
 i - a scroll of vulnerability {unknown}
Potions
 b - a potion of magic
 e - a potion of cancellation {unknown}
 h - a potion of lignification {unknown}
 k - 2 potions of attraction {unknown}
 l - a potion of mutation {unknown}
 m - a potion of heal wounds {unknown}
 o - a potion of resistance {unknown}


   Skills:
 + Level 2.0 Fighting
 - Level 1.7 Dodging
 - Level 1.7 Stealth
 + Level 2.8 Spellcasting
 - Level 0.8 Transmutations
 + Level 3.3 Earth Magic


You had 7 spell levels left.
You knew the following spells:

 Your Spells              Type           Power      Damage    Failure   Level
a - Sandblast             Erth           28%        2d8       6%          1

Your spell library contained the following spells:

 Spells                   Type           Power      Damage    Failure   Level
 Passwall                 Tmut/Erth      8%         N/A       16%         2
 Kiss of Death            Conj/Necr      8%         2d6       24%         1
 Stone Arrow              Conj/Erth      16%        3d8       36%         3
 Confusing Touch          Hex            2%         N/A       58%         3
 Petrify                  Tmut/Erth      10%        N/A       71%         4
 Brom's Barrelling Bould  Conj/Erth      8%         2d3       77%         4
 Dispel Undead            Necr           2%         3d7       94%         4


Dungeon Overview and Level Annotations

Branches:
Dungeon (2/15) Zot: 10634

Altars:

Shops:
D:1 :


Innate Abilities, Weirdness & Mutations

You have large cloven feet.
You are partially covered in icy blue scales. (AC +2)
A meltable shield of frost defends you. (SH +4)


Message History

Aiming: Sandblast (safe; 6% risk of failure)
Press: ? - help, Shift-Dir - straight line, f - hobgoblin
Aim: a hobgoblin (almost dead, 82% to hit)
The blast of sand hits the hobgoblin.
You kill the hobgoblin!
You see here a hobgoblin corpse.
You start resting.
HP restored.
You start resting.
An endoplasm comes into view.
Unknown command.
The endoplasm quivers.
Casting: Sandblast (safe; 6% risk of failure)
Confirm with . or Enter, or press ? or * to list all spells.
Aiming: Sandblast (safe; 6% risk of failure)
Press: ? - help, Shift-Dir - straight line, f - endoplasm
Aim: an endoplasm (98% to hit)
The blast of sand hits the endoplasm!
You kill the endoplasm!
You have reached level 4!
You feel agile.
Your demonic ancestry asserts itself...
Frost condenses into a shield before you.
A bat comes into view.
A bat is nearby!
The bat misses you.
Casting: Sandblast (safe; 6% risk of failure)
Confirm with . or Enter, or press ? or * to list all spells.
Aiming: Sandblast (safe; 6% risk of failure)
Press: ? - help, Shift-Dir - straight line, f - bat
Aim: a bat (73% to hit)
The blast of sand hits the bat.
You kill the bat!
Unknown command.
You see here 5 stones.
There is a stone staircase leading up here.
You climb upwards.
There is a stone staircase leading down here.
Magic restored.
There is a staircase leading out of the dungeon here.
You have escaped!

########.......# #[............##
##### #......#......####...##
#.....###......##.###.#
###########......#..........# #..
#........................##.###.#
#.....#####..#...#>..#..####...##
.........##.###.###.###.#########
#.....##.##..#..@#...#...........
#....[##.##..............########
###.####.##......#.......#
#.####..#.....###......#
###.##....#......#.......####
............................#
.##.##....###..##...#######.#
..#............###.##### #.#
...######.##...........# #.#


There were no monsters in sight!

Vanquished Creatures
  3 adders (D:2)
  2 worms (D:1)
  A dart slug (D:2)
  3 ball pythons
  3 endoplasms
  3 hobgoblins
  3 jackals (D:2)
  5 kobolds
  2 quokkas
  4 bats (D:2)
  A goblin (D:2)
  3 rats (D:1)
33 creatures vanquished.

Notes
Turn   | Place    | Note
-------+----------+-------------------------------------------
     0 | D:1      | protoss039 the Demonspawn Earth Elementalist began the
                  | quest for the Orb.
     0 | D:1      | Reached XP level 1. HP: 13/13 MP: 3/3
   211 | D:1      | Found Caamen's Book Shoppe.
   300 | D:1      | Gained mutation: You have large cloven feet. [demonic
                  | ancestry]
   300 | D:1      | Reached XP level 2. HP: 19/20 MP: 0/5
   467 | D:1      | Reached skill level 1 in Fighting
   719 | D:1      | Reached skill level 3 in Earth Magic
   929 | D:2      | Gained mutation: You are partially covered in icy blue
                  | scales. (AC +2) [demonic ancestry]
   929 | D:2      | Reached XP level 3. HP: 26/26 MP: 2/6
  1105 | D:2      | Found a faded altar of an unknown god.
  1270 | D:2      | Gained mutation: A meltable shield of frost defends you.
                  | (SH +4) [demonic ancestry]
  1270 | D:2      | Reached XP level 4. HP: 33/33 MP: 3/8
  1348 | D:$      | Got out of the dungeon alive.

Illustrated notes

Levels and vault maps discovered:
D:1:      minmay_arrival_five_plusses, layout_loops_ring, serial_shops, shop,
          minmay_stone_trees_small, nicolae_wormholes
D:2:      layout_rooms, dilly_ecumenical_altar_fadedgnrine

Skill      XL: |  1  2  3 |
---------------+----------+-----
Fighting       | 1 2 |  2.0
Earth Magic    | 3 |  3.3
Dodging        | |  1.7
Stealth        | |  1.7
Spellcasting   | |  2.8
Transmutations | |  0.8

Action                     |  1- 3 |  4- 6 || total
---------------------------+-------+-------++-------
  Melee: Whip              |     5 |       ||     5
         Short sword       |    18 |       ||    18
         Kick              |    15 |       ||    15
         Staff             |     1 |       ||     1
         Dagger            |    11 |       ||    11
   Cast: Sandblast         |    38 |     1 ||    39
   Stab: Sleeping          |     4 |       ||     4
 Armour: Robe              |    15 |       ||    15
         Leather armour    |     6 |       ||     6
  Dodge: Dodged            |    53 |     1 ||    54

Table legend: (Time is in decaauts)
 A = Elapsed time spent in this place.
 B = Non-inter-level travel time spent in this place.
 C = Inter-level travel time spent in this place.
 D = Time resting spent in this place.
 E = Time spent auto-exploring this place.
 F = Levels seen in this place.
 G = Mean time per level.
                   A        B        C        D        E       F      G
               +--------+--------+--------+--------+--------+-----+--------+
         Total |   1365 |   1299 |     66 |     69 |    950 |   2 |  682.5 |
       Dungeon |   1365 |   1299 |     66 |     69 |    950 |   2 |  682.5 |
               +--------+--------+--------+--------+--------+-----+--------+

Top non-repeatable levels by time:
     D:1: 913 daAuts
     D:2: 452 daAuts
